Unix NetHack Version 5.0.0-0 post-release - last build May 23 2026 06:08:33 (1c0ff79ee797540d5714e4e18072db0edd9e58ae,branch:main).

Game began 2026-05-28 18:11:54, ended 2026-05-28 18:17:06.

Atomicjoy, chaotic male elven Wizard

            ----.
           --..^..
          .|..--...
         |...- |...-
        --..-   --..|
       --...     --.|
       |..G       |.|
       --@|       |.|
        G--      --.|-.-
                 |..|....
                 |.......
                 |..---..
                 ---- |....-
                      --..<..
                       |....-
                       --...|
                        -----

Atomicjoy the Evoker      St:8 Dx:10 Co:14 In:20 Wi:10 Ch:13  Chaotic
Dlvl:3  $:28 HP:0(16) Pw:7(7) AC:9  Xp:1 T:540 

Latest messages:
 Your kitten eats a jackal corpse.
 The kitten misses it.
 You hear some noises in the distance.
 That door is closed.
 The door opens.
 You see here 2 cram rations.
 w - 2 cram rations.
 You descend the stairs.
 You see here a scroll labeled HACKEM MUCHE.
 x - a scroll labeled HACKEM MUCHE.
 You see here 7 gold pieces.
 The kitten misses the red mold.
 The kitten is suddenly very hot!
 You see here a cloudy potion.
 y - a cloudy potion.
 You see here 7 gold pieces.
 $ - 7 gold pieces (26 in total).
 You swap places with your kitten.
 You climb up the stairs.
 You hear a gurgling noise.
 You see here 2 gold pieces.
 $ - 2 gold pieces (28 in total).
 The door opens.
 You kill the newt!
 Your kitten eats a newt corpse.
 You swap places with your kitten.
 You descend the stairs.
 The kitten misses the gnome.
 The kitten misses the gnome.
 You hear some noises.
 The gnome wields a bow!
 The gnome escapes upstairs!
 You hear crashing rock.
 You hear crashing rock.
 You hear some noises in the distance.
 You hear a G sharp squeak in the distance.
 You feel a wrenching sensation.
 The gnome throws a dagger!
 You are hit by a dagger.
 z - a dagger.
 The gnome wields 2 daggers!
 The gnome lord hits!
 The gnome thrusts one of his daggers.
 The gnome hits!
 Are you sure you want to pray? [yn] (n) y
 You begin praying to Anhur.
 You hear some noises in the distance.
 The gnome lord hits!
 You die...
 Do you want your possessions identified? [ynq] (y) q

Inventory:
 Coins    ('$')
  $ - 28 gold pieces
 Weapons  (')')
  z - a +0 dagger
  v - a +0 orcish dagger
  a - a blessed +1 quarterstaff (weapon in hands)
 Armor    ('[')
  b - an uncursed +0 cloak of magic resistance (being worn)
  t - an uncursed +0 leather cloak
 Comestibles  ('%')
  w - 2 uncursed cram rations
  r - an uncursed food ration
  q - an uncursed lichen corpse
 Scrolls  ('?')
  j - 2 uncursed scrolls of create monster
  i - an uncursed scroll of identify
  x - an uncursed scroll of stinking cloud
 Spellbooks  ('+')
  k - a blessed spellbook of force bolt
  l - an uncursed spellbook of jumping
 Potions  ('!')
  g - an uncursed potion of extra healing
  p - an uncursed potion of full healing
  y - an uncursed potion of gain energy
  f - a blessed potion of healing
  s - 2 uncursed potions of healing
  h - a blessed potion of sleeping
 Rings    ('=')
  e - an uncursed +2 ring of gain strength
  u - an uncursed +3 ring of increase damage
  o - an uncursed ring of see invisible
  d - an uncursed ring of sustain ability
 Wands    ('/')
  c - a wand of undead turning (0:8)
 Tools    ('(')
  n - an uncursed leather drum
  m - a magic marker (0:19)

Atomicjoy the Wizard's attributes:

Background:
 You were an Evoker, a level 1 male elven Wizard.
 You were chaotic, on a mission for Anhur
 who was opposed by Ptah (lawful) and Thoth (neutral).
 You were right-handed.
 You were in the Gnomish Mines, on level 3.
 You entered the dungeon 540 turns ago.
 You had 2 experience points, 18 more were needed to attain level 2.

Basics:
 You had 0 out of 16 hit points.
 You had all 7 energy points (spell power).
 Your armor class was 9.
 Your wallet contained 28 zorkmids.
 Autopickup was off.

Final Characteristics:
 Your strength was 8 (limit:18).
 Your dexterity was 10 (limit:18).
 Your constitution was 14 (limit:16).
 Your intelligence was 20 (limit:20).
 Your wisdom was 10 (limit:20).
 Your charisma was 13 (limit:18).

Final Status:
 You weren't hungry.
 You were unencumbered.
 You were wielding a quarterstaff.
 You had basic skill with quarterstaff.

Final Attributes:
 You were fervently aligned.
 You were magic-protected.
 You had infravision.
 You were warded.
 You are dead.

Miscellaneous:
 You didn't encounter any bones levels.
 Total elapsed playing time was 5 minutes and 10 seconds.

Major events:
 Turn
    1: Atomicjoy the chaotic male elven Wizard entered the dungeon
  506: entered the Gnomish Mines
  540: killed by a gnome lord, while praying

Spells:
 Name                 Level Category     Fail Retention
 force bolt             1   attack         0%  91%-100%
 jumping                1   escape         0%  76%-100%

Skills:
 Fighting Skills
   bare handed combat [Unskilled]
   riding             [Unskilled]
 Weapon Skills
   dagger             [Unskilled]
   knife              [Unskilled]
   axe                [Unskilled]
   short sword        [Unskilled]
   club               [Unskilled]
   mace               [Unskilled]
   quarterstaff       [Basic]
   polearms           [Unskilled]
   spear              [Unskilled]
   trident            [Unskilled]
   sling              [Unskilled]
   dart               [Unskilled]
   shuriken           [Unskilled]
 Spellcasting Skills
   attack spells      [Basic]
   healing spells     [Unskilled]
   divination spells  [Unskilled]
   enchantment spells [Basic]
   clerical spells    [Unskilled]
   escape spells      [Unskilled]
   matter spells      [Unskilled]

Voluntary challenges:
 Character rerolling was not enabled.
 You were illiterate.
 You never genocided any monsters.
 You never polymorphed an object.
 You never changed form.
 You used no wishes.
Achievements:
 You entered a shop.
 You entered the Gnomish Mines.

 The Dungeons of Doom: levels 1 to 3
    Level 1:
       A fountain.
    Level 2:
       A potion shop, a fountain, a sink.
       Stairs down to The Gnomish Mines.
    Level 3:
 The Gnomish Mines:
    Level 3: <- You were here.
       Final resting place for
          you, killed by a gnome lord, while praying.


Vanquished creatures:
  a dwarf
  a gnome
  4 jackals
  a goblin
  a lichen
  a kobold zombie
  a newt
10 creatures vanquished.

No species were genocided or became extinct.

Game over:
                       ----------
                      /          \
                     /    REST    \
                    /      IN      \
                   /     PEACE      \
                  /                  \
                  |    Atomicjoy     |
                  |      28 Au       |
                  |   killed by a    |
                  |    gnome lord    |
                  |                  |
                  |                  |
                  |       2026       |
                 *|     *  *  *      | *
        _________)/\\_//(\/(/\)/\//\/|_)_______

Goodbye Atomicjoy the Wizard...

You died in The Gnomish Mines on dungeon level 3 with 134 points,
and 28 pieces of gold, after 540 moves.
You were level 1 with a maximum of 16 hit points when you died.

